 Dungeon Crawl Stone Soup version 0.15.1 (webtiles) character file.

9020 Kashira the Conjurer (level 11, -20/41 HPs)
             Began as a Felid Wizard on Sept 17, 2014.
             Was a High Priest of Yredelemnul.
             Killed from afar by Harold (30 damage)
             ... with a bolt of fire
             ... on Level 12 of the Dungeon on Sept 18, 2014.
             The game lasted 03:18:54 (29125 turns).

Kashira the Conjurer (Felid Wizard)                Turns: 29125, Time: 03:18:55

HP -20/41        AC  3     Str  5      XL: 11   Next: 17%
MP  30/32        EV 22     Int 20      God: Yredelemnul [*****.]
Gold 676         SH  0     Dex 17      Spells:  8 memorised, 12 levels left
Lives: 0, deaths: 3

rFire  . . .     SeeInvis +       - Unarmed
rCold  + . .     Clarity  +     (armour unavailable)
rNeg   . . .     rCorr    .     (shield unavailable)
rPois  +         rRot     .     (helmet unavailable)
rElec  .         Spirit   .     (cloak unavailable)
SustAb .         Warding  .     (gloves unavailable)
rMut   .         Stasis   .     (boots unavailable)
Gourm  .                        P - amulet of clarity
MR     +....                    O - ring "Skociot" {rPois Stlth+}
                                g - +5 ring of slaying

@: quick, somewhat resistant to hostile enchantments, stealthy
A: paw claws, no armour, no weapons or thrown items, fangs 3, see invisible,
carnivore 3, clarity, speed 1, frail 1, shaggy fur 3, slow metabolism 1, jump 3
a: Jump Attack, Animate Dead, Recall Undead Slaves, Injury Mirror, Drain Life,
Enslave Soul, Renounce Religion


You were on level 12 of the Dungeon.
You worshipped Yredelemnul.
Yredelemnul was extremely pleased with you.
You were not hungry.

You visited 4 branches of the dungeon, and saw 18 of its levels.
You also visited: Labyrinth and Bailey.

You collected 1724 gold pieces.
You spent 1048 gold pieces at shops.

Inventory:

Magical devices
 i - a wand of frost (0)
 k - a wand of fire (2)
 u - a wand of lightning (0)
 v - a wand of confusion (11)
 w - a wand of magic darts (4)
 x - a wand of hasting (3)
 A - a wand of hasting (4)
 G - a wand of teleportation (3)
 I - a wand of confusion (6)
 M - a wand of cold (0)
 S - a wand of polymorph (11)
 U - a wand of flame (8)
Comestibles
 d - 8 meat rations
 m - 8 beef jerkies
 z - a royal jelly
Scrolls
 f - 6 scrolls of remove curse
 L - 2 scrolls of immolation {unknown}
 V - a scroll of blinking
Jewellery
 a - an uncursed ring of protection from cold
 g - a +5 ring of slaying (left paw)
 r - an uncursed ring of stealth
 y - an uncursed amulet of warding
 D - a +2 ring of intelligence
 O - the ring "Skociot" (right paw) {rPois Stlth+}
   (You found it in a labyrinth)

   [ring of poison resistance]

   It protects you from poison.
   It makes you more stealthy.
 P - an amulet of clarity (around neck)
 Q - a cursed -3 ring of evasion {unknown}
Potions
 b - 3 potions of brilliance
 e - a potion of berserk rage
 h - 4 potions of curing
 j - a potion of heal wounds
 l - a potion of agility {unknown}
 n - a potion of confusion {unknown}
 p - 2 potions of restore abilities
 q - a potion of flight
 t - a potion of mutation {unknown}
 C - 4 potions of haste
 E - 4 potions of resistance
 J - a potion of cancellation
 T - a potion of might
Books
 c - a book of Minor Magic

   Spells                             Type                      Level
   *Magic Dart                        Conjuration                  1
   *Blink                             Translocation                2
   Call Imp                           Summoning                    2
   *Repel Missiles                    Charms/Air                   2
   Slow                               Hexes                        2
   *Conjure Flame                     Conjuration/Fire             3
   *Mephitic Cloud                    Conjuration/Poison/Air       3
 o - a book of Frost

   Spells                             Type                      Level
   Freeze                             Ice                          1
   Throw Frost                        Conjuration/Ice              2
   Ozocubu's Armour                   Charms/Ice                   3
   *Throw Icicle                      Conjuration/Ice              4
   Summon Ice Beast                   Ice/Summoning                4
   Condensation Shield                Ice                          4
 B - a book of Hinderance

   Spells                             Type                      Level
   Confusing Touch                    Hexes                        2
   Confuse                            Hexes                        3
   Petrify                            Transmutation/Earth          4
   Leda's Liquefaction                Hexes/Earth                  4
   Metabolic Englaciation             Hexes/Ice                    5
   Summon Mana Viper                  Hexes/Summoning              5
 F - a book of Party Tricks

   Spells                             Type                      Level
   Summon Butterflies                 Summoning                    1
   *Apportation                       Translocation                1
   *Blink                             Translocation                2
   Tukima's Dance                     Hexes                        3
   Alistair's Intoxication            Transmutation/Poison         4
 H - a book of the Sky

   Spells                             Type                      Level
   Flight                             Charms/Air                   3
   Airstrike                          Air                          4
   Silence                            Hexes/Air                    5
   Deflect Missiles                   Charms/Air                   6
   Conjure Ball Lightning             Conjuration/Air              6
   Tornado                            Air                          9
 K - Sif Muna's Incunabulum of Calling and Flight
   (You bought it in a shop on level 4 of the Orcish Mines)

   Spells                             Type                      Level
   Summon Small Mammal                Summoning                    1
   Flight                             Charms/Air                   3
   Static Discharge                   Conjuration/Air              3
   Abjuration                         Summoning                    3
   *Summon Guardian Golem             Hexes/Summoning              4
   Freezing Cloud                     Conjuration/Ice/Air          6
 N - a book of Ice

   Spells                             Type                      Level
   Metabolic Englaciation             Hexes/Ice                    5
   Ozocubu's Refrigeration            Ice                          6
   Bolt of Cold                       Conjuration/Ice              6
   Freezing Cloud                     Conjuration/Ice/Air          6
   Simulacrum                         Ice/Necromancy               6
 R - a book of Changes

   Spells                             Type                      Level
   Beastly Appendage                  Transmutation                1
   Sticks to Snakes                   Transmutation                2
   Spider Form                        Transmutation/Poison         3
   Ice Form                           Ice/Transmutation            4
   Blade Hands                        Transmutation                5
 W - a book of Dreams

   Spells                             Type                      Level
   Ensorcelled Hibernation            Hexes/Ice                    2
   Flight                             Charms/Air                   3
   Phase Shift                        Translocation                5
   Shadow Creatures                   Summoning                    5
   Mass Confusion                     Hexes                        6
   Darkness                           Hexes                        7
Miscellaneous
 s - a phial of floods (inert)


   Skills:
 + Level 4.0 Fighting
 + Level 6.9 Dodging
 - Level 2.8 Stealth
 + Level 7.3 Unarmed Combat
 + Level 11.1 Spellcasting
 + Level 11.8 Conjurations
 * Level 2.4 Summonings
 - Level 1.5 Translocations
 + Level 1.9 Ice Magic
 - Level 8.0 Invocations


You had 12 spell levels left.
You knew the following spells:

 Your Spells              Type           Power        Failure   Level  Hunger
a - Magic Dart            Conj           ####         1%          1    None
b - Mephitic Cloud        Conj/Pois/Air  ####....     4%          3    None
c - Conjure Flame         Conj/Fire      ####....     1%          3    None
d - Blink                 Tloc           N/A          6%          2    None
e - Repel Missiles        Chrm/Air       ##....       12%         2    None
f - Throw Icicle          Conj/Ice       #####...     4%          4    ##.....
g - Summon Guardian Gole  Hex/Summ       ###.....     45%         4    ##.....
h - Apportation           Tloc           ###.......   3%          1    None


Dungeon Overview and Level Annotations

Branches:
Dungeon (12/15)            Temple (1/1) D:6             Orc (4/4) D:10
    Elf (0/3) Orc:4          Lair (1/8) D:8

Altars:
Ashenzari
Cheibriados
Elyvilon
Makhleb
Nemelex Xobeh
Qazlal
Sif Muna
Trog
Vehumet
Yredelemnul
Zin
The Shining One
Beogh

Shops:
D:6 (   D:7 [   D:8 *   D:9 ?   Orc:4 [:**

Annotations:
D:2 Sigmund
D:12 Harold


Innate Abilities, Weirdness & Mutations

You cannot wear armour.
You are incapable of wielding weapons or throwing items.
Your paws have sharp claws.
You have razor-sharp teeth.
You have supernaturally acute eyesight.
You are carnivorous and can eat meat at any time.
You cover ground quickly.
Your thick and shaggy fur keeps you warm (AC +3, rC+).
You have a slow metabolism.
You can jump attack at a long distance.
You possess an exceptional clarity of mind.
You are frail (-10% HP).


Message History

Harold gestures at you while chanting.
The bolt of fire hits your big kobold zombie.
The bolt of fire hits you!
Ouch! That really hurt!
* * * LOW HITPOINT WARNING * * *
Your big kobold zombie struggles against the net.
Harold hits your big kobold zombie with a glowing scimitar!
Your big kobold zombie is destroyed!
Use which ability? (? or * to list)
You begin recalling your allies.
You feel slightly more hungry.
Your wraith is recalled.
Your kobold zombie is recalled.
You finish recalling your allies.
Harold throws a throwing net.
The throwing net misses you.
You swap places.
Harold gestures at you while chanting.
The bolt of fire hits your kobold zombie.
The bolt of fire misses your wraith. The bolt of fire hits you!
Ouch! That really hurt!
You die...
Your body rises from the dead as a mindless zombie.

##### ###############
#.... .........W(Z.@.#
####.###
######.@#####.#
#....... #. ##..#
##.###.##>###
.........##...##.##....
#
#.###..#.)@...Z..#####.
#.##.###..####...####
#. ..Z.....(...#.##
####. #.@..........#
#.... #%###.###.#.#
#.... #(# #.# #.#'##
#....


You could see Harold, a friendly wraith and a friendly kobold zombie.

Vanquished Creatures
  A minotaur (Lab)
  A hydra (Lair:1)
  The ghost of hcnick the Slasher, an experienced DsGl of Kikubaaqudgha (D:8)
  An unseen horror (D:10)
  3 orc knights
  3 hill giants
  A spiny frog (Lair:1)
  A black mamba (Lair:1)
  A kobold demonologist (D:12)
  A fire drake (D:8)
  2 trolls
  Sonja (Orc:3)
  Prince Ribbit (D:8)
  A two-headed ogre (Orc:4)
  3 slime creatures (D:12)
  A trapdoor spider (D:11)
  2 shadows (Lab)
  2 wraiths
  2 wyverns
  18 yaks
  A steam dragon (D:12)
  Eustachio (D:7)
  2 hippogriffs
  A hill giant skeleton (D:9)
  4 hungry ghosts (Lab)
  Menkaure (D:6)
  2 wargs (Orc:4)
  A mottled dragon (D:11)
  2 water moccasins
  A black bear (D:8)
  3 porcupines (Lair:1)
  2 phantoms
  3 sky beasts
  3 ice beasts
  A yellow wasp (D:10)
  19 orc warriors
  12 centaurs
  5 ogres
  2 crocodiles
  A fire drake zombie (D:8)
  2 big kobolds (D:12)
  4 giant frogs
  Blork the orc (D:8)
  An elf skeleton (D:8)
  4 scorpions
  2 hippogriff zombies
  An eye of draining (D:11)
  3 killer bees
  3 electric eels
  A troll skeleton (D:10)
  3 wights (D:11)
  2 crimson imps
  A goliath beetle (D:8)
  A quasit (D:11)
  2 giant frog zombies (D:5)
  14 orc priests
  19 orc wizards
  A giant frog skeleton (D:4)
  6 hounds
  6 iguanas
  6 jellies
  Natasha (D:3)
  A porcupine zombie (Lair:1)
  An orange rat (D:6)
  8 worker ants
  Ijyb (D:3)
  A sky beast zombie (D:5)
  A human simulacrum (D:12)
  Terence (D:3)
  5 gnolls
  6 green rats (D:6)
  12 adders
  A shadow imp (D:7)
  3 giant mites
  5 worms
  An iguana skeleton (D:11)
  An iguana zombie (D:6)
  An adder skeleton (D:7)
  4 giant geckos
  An ooze (D:3)
  132 orcs
  A ball python (D:6)
  A bat zombie (D:6)
  7 giant cockroaches
  28 goblins
  26 hobgoblins
  14 jackals
  14 kobolds
  2 quokkas
  20 bats
  8 giant newts
  A giant spore (D:9)
  A goblin skeleton (D:5)
  A kobold zombie (D:9)
  2 orc skeletons
  11 orc zombies
  42 rats
  A rat skeleton (D:10)
  A rat zombie (D:7)
  4 ballistomycetes (D:9)
569 creatures vanquished.

Vanquished Creatures (collateral kills)
  Fannar (D:12)
  The ghost of Ladykiller69 the Cleaver, a powerful FoFi of Cheibriados (D:10)
  A hill giant (D:11)
  Joseph (D:7)
  A two-headed ogre (D:10)
  A wyvern (D:9)
  8 yaks
  A hippogriff (D:9)
  An ice beast (D:12)
  2 ogres
  14 orc warriors
  A phantom (D:7)
  3 centaurs (Orc:4)
  A crocodile (Lair:1)
  2 giant frogs
  A scorpion (D:10)
  A wight (D:11)
  A jelly (D:12)
  An electric eel (D:11)
  A killer bee (D:9)
  2 crimson imps
  5 orc priests
  A hound (D:10)
  An iguana (Lair:1)
  5 orc wizards
  A worker ant (D:8)
  An adder (D:6)
  2 giant mites
  An orc skeleton (D:7)
  A giant gecko (D:9)
  52 orcs
  2 hobgoblins
  A jackal (D:10)
  A goblin (D:10)
  An orc zombie (Orc:4)
  A rat (D:10)
  5 ballistomycetes (D:9)
127 creatures vanquished.

Vanquished Creatures (others)
  3 flying skulls (D:10)
  A vampire (Orc:4)
  2 wyvern zombies
  4 centaur zombies
  A water moccasin zombie (Lair:1)
  5 yak zombies
  4 wights
  2 two-headed ogre zombies
  A porcupine zombie (Lair:1)
  2 killer bee zombies (D:9)
  A mottled dragon zombie (D:11)
  A big kobold zombie (D:12)
  An ogre skeleton (Lab)
  An ogre zombie (D:8)
  A crocodile zombie (Lair:1)
  A dwarf skeleton (D:8)
  A human simulacrum (D:12)
  A mummy (D:11)
  A human zombie (D:7)
  3 scorpion zombies
  A steam dragon zombie (D:12)
  An electric eel skeleton (D:11)
  An electric eel zombie (D:11)
  An adder zombie (Lair:1)
  A bat skeleton (D:10)
  A bat zombie (D:8)
  A giant mite zombie (D:9)
  A giant gecko zombie (D:9)
  A goblin skeleton (D:10)
  A goblin zombie (Orc:2)
  A hobgoblin skeleton (D:10)
  A hobgoblin zombie (D:8)
  4 jackal zombies (D:10)
  3 orc skeletons (D:10)
  57 orc zombies
  A quokka (D:9)
114 creatures vanquished.

Grand Total: 810 creatures vanquished

Notes
Turn   | Place    | Note
--------------------------------------------------------------
     0 | D:1      | Kashira, the Felid Wizard, began the quest for the Orb.
     0 | D:1      | Reached XP level 1. HP: 7/7 MP: 5/5
   618 | D:1      | Reached XP level 2. HP: 11/11 MP: 5/7
   843 | D:1      | Reached skill level 1 in Conjurations
  1396 | D:2      | Reached XP level 3. HP: 14/14 MP: 2/10
  1428 | D:2      | Noticed Sigmund
  1442 | D:2      | Learned a level 3 spell: Mephitic Cloud
  1446 | D:2      | Learned a level 3 spell: Conjure Flame
  1449 | D:2      | Learned a level 2 spell: Blink
  1944 | D:2      | Reached skill level 4 in Spellcasting
  2403 | D:3      | Reached XP level 4. HP: 18/18 MP: 0/14
  2717 | D:3      | Found a bloodstained altar of Trog.
  2746 | D:3      | Noticed Terence
  2892 | D:4      | Learned a level 2 spell: Repel Missiles
  3391 | D:4      | Reached XP level 5. HP: 18/21 MP: 9/16
  3940 | D:3      | Found a sparkling altar of Nemelex Xobeh.
  4203 | D:3      | Killed Terence
  4323 | D:3      | Found a snail-covered altar of Cheibriados.
  4344 | D:3      | Noticed Ijyb
  4344 | D:3      | Noticed Natasha
  4350 | D:3      | Killed Natasha
  4350 | D:3      | Gained mutation: You are covered in thick fur (AC +2). [growing up]
  4350 | D:3      | Gained mutation: You can jump attack at a medium distance. [growing up]
  4350 | D:3      | Reached XP level 6. HP: 25/25 MP: 9/18
  4505 | D:3      | Killed Ijyb
  4852 | D:4      | Noticed a phantom
  5109 | D:4      | Found a glowing golden altar of the Shining One.
  5109 | D:4      | Found a stormy altar of Qazlal.
  5189 | D:4      | Reached skill level 5 in Conjurations
  5415 | D:5      | Entered Level 5 of the Dungeon
  5621 | D:5      | Reached skill level 6 in Conjurations
  5621 | D:5      | Reached XP level 7. HP: 28/28 MP: 6/20
  6703 | D:5      | Reached skill level 7 in Conjurations
  6726 | D:5      | Reached skill level 1 in Unarmed Combat
  6860 | D:5      | Reached XP level 8. HP: 31/31 MP: 6/21
  7522 | D:5      | Reached skill level 5 in Unarmed Combat
  7599 | D:6      | Found Eruplent's Weapon Boutique.
  7708 | D:6      | Noticed Menkaure
  7718 | D:6      | Killed Menkaure
  7718 | D:6      | Reached skill level 1 in Fighting
  8420 | D:6      | Found a staircase to the Ecumenical Temple.
  8429 | Temple   | Entered the Ecumenical Temple
  8466 | Temple   | Became a worshipper of Yredelemnul the Dark
  8521 | D:6      | Reached skill level 8 in Conjurations
  8653 | D:6      | Reached skill level 5 in Spellcasting
  8883 | D:6      | Acquired Yredelemnul's first power
  8958 | D:6      | Reached XP level 9. HP: 29/35 MP: 6/24
  9607 | D:7      | Noticed Eustachio
  9621 | D:7      | Killed Eustachio
  9672 | D:7      | Reached skill level 1 in Invocations
  9900 | D:7      | Your ally Eustachio died
 10097 | D:7      | Noticed Joseph
 10372 | D:7      | Acquired Yredelemnul's second power
 10456 | D:8      | Noticed Prince Ribbit
 10460 | D:8      | Found Psamugohuym's Assorted Antiques.
 10490 | D:8      | Found a flagged portal.
 10502 | D:8      | Noticed hcnick's ghost (experienced DsGl)
 10507 | Bailey   | Entered a bailey
 11059 | Bailey   | Shot with a bolt by an orc warrior
 11060 | Bailey   | Reached XP level 8. HP: -4/33 MP: 2/23
 11125 | D:8      | Found a radiant altar of Vehumet.
 11149 | D:8      | Killed Prince Ribbit
 11238 | D:8      | Noticed Blork the orc
 11250 | D:8      | Killed Blork the orc
 11612 | D:8      | Noticed a fire drake
 11626 | D:8      | Killed a fire drake
 11626 | D:8      | Reached XP level 9. HP: 32/37 MP: 5/25
 11632 | D:8      | Gained mutation: You are frail (-10% HP). [mutagenic meat]
 11633 | D:8      | Gained mutation: You possess an exceptional clarity of mind. [mutagenic meat]
 11640 | D:8      | Found a staircase to the Lair.
 11816 | D:8      | Killed hcnick's ghost
 11816 | D:8      | Reached skill level 9 in Conjurations
 12560 | D:9      | Found a glowing silver altar of Zin.
 12686 | D:9      | Found a deep blue altar of Sif Muna.
 12924 | D:9      | Reached skill level 5 in Invocations
 13093 | D:9      | Found a white marble altar of Elyvilon.
 13272 | D:9      | Found a shattered altar of Ashenzari.
 13319 | D:9      | Reached XP level 10. HP: 36/36 MP: 24/28
 13357 | D:9      | HP: 1/36 [killer bee (8)]
 13842 | D:9      | Acquired Yredelemnul's third power
 13960 | D:10     | Entered Level 10 of the Dungeon
 13960 | D:10     | Noticed Ladykiller69's ghost (powerful FoFi)
 14080 | D:10     | Reached skill level 5 in Dodging
 14811 | D:10     | Received a gift from Yredelemnul
 15215 | D:11     | Found a labyrinth entrance.
 15265 | Lab      | Entered a labyrinth
 17642 | Lab      | Noticed a minotaur
 17656 | Lab      | Killed a minotaur
 17656 | Lab      | Reached skill level 10 in Conjurations
 17680 | Lab      | Got a glittering marble ring
 17682 | Lab      | Identified the ring "Skociot" {rPois Stlth+} (You found it in a labyrinth)
 17811 | D:11     | Noticed a hill giant
 18056 | D:11     | Noticed a hill giant
 18056 | D:11     | Noticed a hill giant
 18067 | D:11     | Killed a hill giant
 18067 | D:11     | Reached XP level 11. HP: 39/39 MP: 8/30
 18073 | D:11     | Killed a hill giant
 19055 | D:11     | Received a gift from Yredelemnul
 19166 | D:11     | Found a sparkling altar of Nemelex Xobeh.
 19563 | D:11     | Killed a hill giant
 19766 | D:10     | Noticed an orc knight
 19846 | D:10     | Received a gift from Yredelemnul
 20142 | D:10     | Noticed an orc knight
 20172 | D:10     | Killed Ladykiller69's ghost
 20246 | Lair:1   | Entered Level 1 of the Lair of Beasts
 20579 | Lair:1   | Noticed a five-headed hydra
 20681 | Lair:1   | Acquired Yredelemnul's fourth power
 20902 | Lair:1   | Noticed a seven-headed hydra
 20920 | Lair:1   | HP: 2/40 [seven-headed hydra (6)]
 20920 | Lair:1   | Mangled by a seven-headed hydra
 20921 | Lair:1   | Reached XP level 10. HP: -11/37 MP: 20/30
 20923 | Lair:1   | Killed a seven-headed hydra
 20929 | Lair:1   | Received a gift from Yredelemnul
 21024 | D:9      | Found Hopait's Magic Scroll Boutique.
 21099 | D:10     | Learned a level 4 spell: Throw Icicle
 21162 | D:10     | Received a gift from Yredelemnul
 21178 | D:10     | Killed an orc knight
 21178 | D:10     | Reached skill level 11 in Conjurations
 21178 | D:10     | Reached XP level 11. HP: 40/40 MP: 2/31
 21332 | D:10     | Found a roughly hewn altar of Beogh.
 21640 | D:10     | Noticed an unseen horror
 21670 | D:10     | Killed an unseen horror
 21670 | D:10     | Reached skill level 10 in Spellcasting
 22166 | D:10     | Found a staircase to the Orcish Mines.
 22221 | D:10     | Killed an orc knight
 22463 | Orc:1    | Entered Level 1 of the Orcish Mines
 22838 | Orc:2    | Received a gift from Yredelemnul
 23466 | Orc:2    | Received a gift from Yredelemnul
 23466 | Orc:2    | Found a roughly hewn altar of Beogh.
 23839 | Orc:3    | Noticed Sonja
 23849 | Orc:3    | Killed Sonja
 23904 | Orc:3    | Received a gift from Yredelemnul
 24109 | Orc:3    | Found a roughly hewn altar of Beogh.
 24409 | Orc:4    | Entered Level 4 of the Orcish Mines
 24572 | Orc:4    | Found a staircase to the Elven Halls.
 24811 | Orc:4    | Reached skill level 1 in Ice Magic
 25201 | Orc:4    | Found Oruntar's Assorted Antiques.
 25201 | Orc:4    | Found Pnugg's Book Emporium.
 25207 | Orc:4    | Found Bamn's Armour Shoppe.
 25208 | Orc:4    | Found Mnuofienn's General Store.
 25216 | Orc:4    | Acquired Yredelemnul's fifth power
 25231 | Orc:4    | Bought a potion of heal wounds for 54 gold pieces
 25234 | Orc:4    | Bought 2 scrolls of identify for 72 gold pieces
 25234 | Orc:4    | Bought a potion of curing for 36 gold pieces
 25234 | Orc:4    | Bought a potion of degeneration for 36 gold pieces
 25250 | Orc:4    | Bought Sif Muna's Incunabulum of Calling and Flight for 850 gold pieces
 25256 | Orc:4    | Learned a level 4 spell: Summon Guardian Golem
 27309 | D:7      | Killed Joseph
 27494 | D:7      | Found Tiluskaz's Antique Armour Shoppe.
 28030 | D:12     | Learned a level 1 spell: Apportation
 28088 | D:12     | Noticed Fannar
 28090 | D:12     | Noticed a hill giant
 28158 | D:12     | Noticed a hill giant
 28183 | D:12     | Killed a hill giant
 28183 | D:12     | Gained mutation: Your thick and shaggy fur keeps you warm (AC +3, rC+). [growing up]
 28183 | D:12     | Gained mutation: You can jump attack at a long distance. [growing up]
 28183 | D:12     | Reached XP level 12. HP: 37/44 MP: 2/33
 28490 | D:12     | Noticed Harold
 28502 | D:12     | Killed from afar by Harold
 28503 | D:12     | Reached XP level 11. HP: -5/41 MP: 2/32
 28627 | D:12     | Received a gift from Yredelemnul
 28788 | D:12     | Killed Fannar
 29125 | D:12     | Killed from afar by Harold

Action                   |  1- 3 |  4- 6 |  7- 9 | 10-12 || total
-------------------------+-------+-------+-------+-------++-------
Melee: Unarmed           |    32 |    36 |   171 |   299 ||   538
 Cast: Magic Dart        |   107 |   247 |   533 |   561 ||  1448
       Mephitic Cloud    |       |    17 |    52 |   155 ||   224
       Conjure Flame     |       |     3 |    20 |    41 ||    64
       Repel Missiles    |       |     1 |     6 |     5 ||    12
       Throw Icicle      |       |       |       |    74 ||    74
       Apportation       |       |       |       |     2 ||     2
       Blink             |       |       |       |     1 ||     1
       Summon Guardian G |       |       |       |     1 ||     1
Invok: Animate Remains   |       |       |    35 |     3 ||    38
       Animate Dead      |       |       |       |   103 ||   103
       Recall Undead Sla |       |       |       |    17 ||    17
       Drain Life        |       |       |       |     3 ||     3
       Enslave Soul      |       |       |       |     3 ||     3
       Stop Recall       |       |       |       |     1 ||     1
 Abil: Jump Attack       |     1 |       |     6 |     1 ||     8
Evoke: Wand              |       |       |     2 |    38 ||    40
       Phial of floods   |       |       |       |     1 ||     1
  Use: Scroll            |       |     5 |    10 |    17 ||    32
       Potion            |       |       |       |     6 ||     6
 Stab: Sleeping          |     1 |     1 |       |     2 ||     4
       Confused          |       |     2 |     6 |    30 ||    38
       Distracted        |       |       |     1 |       ||     1
  Eat: Chunk             |    10 |     6 |    18 |    42 ||    76
       Pizza             |       |       |     1 |     4 ||     5
